[Event "Late-Titled-Tuesday-Blitz-February-27-2024"]
[Site "Chess.com"]
[Date "2024.02.27"]
[Round "4"]
[White "Roberz12"]
[Black "TanitoluwaAps116"]
[Result "0-1"]
[WhiteElo "2603"]
[BlackElo "2895"]
[TimeControl "180+1"]
[EndTime "14:40:46 PST"]
[Termination "TanitoluwaAps116 won on time"]

1. Nf3 Nf6 2. g3 d5 3. Bg2 Bf5 4. O-O e6 5. d3 c6 6. Nc3 Nbd7 7. Qe1 Bb4 8. e4 dxe4 9. Nh4 O-O 10. dxe4 Bg6 11. Nxg6 hxg6 12. a3 Ba5 13. Bf4 e5 14. Bg5 Qe8 15. Rd1 Bb6 16. Na4 Nc5 17. Nxb6 axb6 18.
Bd2 Qe6 19. Bb4 Rfd8 20. Qe3 Qc4 21. Qc3 Qxc3 22. Bxc3 Re8 23. Rfe1 Kf8 24. Rb1 Ra4 25. f3 Ncd7 26. Red1 Ke7 27. Bf1 b5 28. b3 Raa8 29. Kf2 Kd8 30. Bb2 Kc7 31. Rd3 Nc5 32. Rd2 Rh8 33.
h4 Rae8 34. Rbd1 Re7 35. Ke3 Nh5 36. Kf2 f5 37. Bg2 fxe4 38. fxe4 Rf8+ 39. Ke3 Nxg3 40.
Rf2 Rxf2 41. Kxf2 Ngxe4+ 42. Ke3 Nf6 43. Rg1 Nd5+ 44. Bxd5 cxd5 45. Rxg6 d4+ 46. Ke2 Ne6 47.
h5 Nf4+ 48. Kf3 Nxg6 49. hxg6 e4+ 50. Ke2 Rd7 51. Kd2 Kc6 52. b4 Kd5 53. c3 d3 54.
Ke3 Kc4 55. Ba1 d2 56. Bb2 d1=Q 0-1

[Event "Late-Titled-Tuesday-Blitz-February-27-2024"]
[Site "Chess.com"]
[Date "2024.02.27"]
[Round "4"]
[White "ukchessbomber"]
[Black "Akhayan"]
[Result "1/2-1/2"]
[WhiteElo "2646"]
[BlackElo "2432"]
[TimeControl "180+1"]
[EndTime "14:40:46 PST"]
[Termination "Game drawn by repetition"]

1. b3 e5 2. Bb2 Nc6 3. e3 a6 4. d4 exd4 5. exd4 d5 6. h3 Nf6 7. Nf3 Bd6 8. Bd3 Qe7+ 9. Qe2 Qxe2+ 10. Kxe2 O-O 11. a3 Re8+ 12. Kf1 Ne4 13. Nc3 Nxc3 14. Bxc3 h6 15. g4 Ne7 16. Kg2 Ng6 17. Bxg6 fxg6 18. Rhe1 Bd7 19. Bb4 Re4 20. Bxd6 cxd6 21. Rxe4 dxe4 22.
Nd2 Bc6 23. Nf1 e3+ 24. f3 e2 25. Nd2 a5 26. Re1 a4 27. b4 Re8 28. Kf2 d5 29. Rxe2 Rc8 30. c4 dxc4 31. Nxc4 Bxf3 32. Nd6 Rf8 33. Re7 Bxg4+ 34. Kg2 Bf3+ 35. Kg1 Bc6 36.
b5 Bd5 37. Re5 Bf3 38. d5 Rd8 39. Nxb7 Rxd5 40. Rxd5 Bxd5 41. Nc5 Kf7 42. b6 Kf6 43. b7 Bxb7 44. Nxb7 Ke5 45. Nc5 Kd5 46. Nxa4 Kc4 47. Nb2+ Kb3 48. a4 Kb4 49. Kg2 g5 50. Kg3 h5 51.
Kf3 Ka5 52. Ke4 g6 53. Ke5 Kb4 54. Ke4 Ka5 55. Kd4 Kb4 56. Ke4 Ka5 1/2-1/2

[Event "Late-Titled-Tuesday-Blitz-February-27-2024"]
[Site "Chess.com"]
[Date "2024.02.27"]
[Round "4"]
[White "Chessdude1987"]
[Black "guillembaches"]
[Result "0-1"]
[WhiteElo "2371"]
[BlackElo "2522"]
[TimeControl "180+1"]
[EndTime "14:40:46 PST"]
[Termination "guillembaches won by checkmate"]

1. e4 c5 2. Nf3 d6 3. Bc4 Nf6 4. d3 e6 5. O-O Nc6 6. c3 Be7 7. Bb3 O-O 8. Re1 b5 9. d4 d5 10. e5 Ne4 11. Nbd2 Bb7 12. Bc2 cxd4 13. cxd4 Nb4 14.
Bb1 Rc8 15. a3 Na6 16. Nxe4 dxe4 17. Bxe4 Bxe4 18. Rxe4 Qd5 19. Qe2 Rc4 20. h4 Rfc8 21. Bg5 Bf8 22. Rd1 b4 23. axb4 Nxb4 24. Ne1 a5 25. h5 h6 26. Bf4 a4 27. g3 Nc2 28.
Nf3 a3 29. bxa3 Nxa3 30. Ne1 Nb5 31. Re3 Nc3 32. Rxc3 Rxc3 33. Be3 R3c6 34. Nd3 Qe4 35. Nf4 Rc2 36. Qg4 Kh8 37. Re1 Qb7 38. Qh4 Rb2 39.
Qg4 Rb1 40. Rf1 Rxf1+ 41. Kxf1 Qh1+ 42. Ke2 Qb1 43. Kf3 Qb7+ 44. Ke2 Rc2+ 45. Kf1 Qh1# 0-1

[Event "Late-Titled-Tuesday-Blitz-February-27-2024"]
[Site "Chess.com"]
[Date "2024.02.27"]
[Round "4"]
[White "maximnovik"]
[Black "DuleMudule"]
[Result "0-1"]
[WhiteElo "2594"]
[BlackElo "2860"]
[TimeControl "180+1"]
[EndTime "14:40:47 PST"]
[Termination "DuleMudule won on time"]

1. e4 c5 2. Nf3 Nc6 3. Bb5 e6 4. O-O Nge7 5. c3 a6 6. Ba4 b5 7. Bc2 Bb7 8. Re1 Rc8 9. a4 b4 10. a5 Ng6 11. d4 bxc3 12. bxc3 cxd4 13. cxd4 Nb4 14. Bb3 Rxc1 15. Qxc1 Nd3 16. Qd1 Nxe1 17. Qxe1 Be7 18. Nbd2 Bb4 19. Qe3 Bxa5 20. h4 Bc7 21. h5 Bf4 22. Qe2 Ne7 23. g3 Bxd2 24. Nxd2 O-O 25. h6 gxh6 26. Qh5 Kg7 27. Qe5+ f6 28. Qd6 Nc8 29. Qb4 Qb6 30. Qc3 Nd6 31. Qe3 f5 32.
exf5 Nxf5 33. Qe5+ Kg8 34. d5 Qd4 35. Qxd4 Nxd4 36. dxe6 dxe6 37. Bd1 Ra8 38. Nc4 Bd5 39. Ne3 a5 40. Nxd5 exd5 41. f4 Kf7 42. Kf2 Ke6 43. Ke3 Nf5+ 44. Kf3 Kd6 45. Ra4 h5 46. Bc2 Ne7 47. Bxh7 Kc5 48. Bd3 Nc6 49. f5 Nb4 50. Bb1 Kb5 51. Ra3 Rd8 52. Kf4 d4 53. Ke4 d3 0-1

[Event "Late-Titled-Tuesday-Blitz-February-27-2024"]
[Site "Chess.com"]
[Date "2024.02.27"]
[Round "4"]
[White "Vasily85"]
[Black "Goryachkina"]
[Result "0-1"]
[WhiteElo "2493"]
[BlackElo "2691"]
[TimeControl "180+1"]
[EndTime "14:40:47 PST"]
[Termination "Goryachkina won on time"]

1. c4 Nf6 2. Nc3 c5 3. g3 Nc6 4. Bg2 d6 5. e3 g6 6. Nge2 Bg7 7.
d4 O-O 8. O-O Bg4 9. h3 Bd7 10.
b3 a6 11. Bb2 Qc8 12. Kh2 Rd8 13. Nf4 Kf8 14. Ncd5 Nxd5 15. Nxd5 Rb8 16. Nb6 Qc7 17. Nd5 Qc8 18. Nb6 Qc7 19. Nxd7+ Qxd7 20. Qd2 Rbc8 21.
Rad1 Qc7 22. Qe2 b6 23. dxc5 bxc5 24. Bxg7+ Kxg7 25. h4 h5 26. Qb2+ Kg8 27. Rd5 Ne5 28.
Rfd1 Ng4+ 29. Kg1 Nf6 30. R5d2 a5 31. Qc3 Rb8 32. a3 Rdc8 33. Rb2 Qa7 34. Rdb1 Kg7 35. Bf3 Rb6 36. b4 axb4 37. axb4 cxb4 38. Rxb4 Rxb4 39.
Rxb4 Qc5 40. Kg2 Rc7 41. Qb3 Qa5 42. Rb5 Qa7 0-1

[Event "Late-Titled-Tuesday-Blitz-February-27-2024"]
[Site "Chess.com"]
[Date "2024.02.27"]
[Round "4"]
[White "jaramsdal"]
[Black "gxbg2000"]
[Result "1-0"]
[WhiteElo "2283"]
[BlackElo "1927"]
[TimeControl "180+1"]
[EndTime "14:40:47 PST"]
[Termination "jaramsdal won by checkmate"]

1. Nf3 Nf6 2. e3 c5 3. c4 g6 4. Nc3 Bg7 5. b3 O-O 6. Bb2 a6 7. Be2 d6 8. O-O e5 9. Qc2 Nc6 10. Rad1 Bf5 11. e4 Bg4 12. Nd5 Bxf3 13. Bxf3 Nd4 14.
Bxd4 cxd4 15. d3 Rc8 16. Qd2 Nd7 17. b4 Kh8 18. Bg4 f5 19. exf5 gxf5 20. Bh3 Qh4 21. a4 Rce8 22. b5 axb5 23. axb5 Nc5 24. Qe2 e4 25. dxe4 fxe4 26. Qg4 Qxg4 27. Bxg4 Nd3 28. h4 Be5 29. g3 Kg7 30. Kg2 Ra8 31. Be2 Nc5 32. Ra1 d3 33. Rxa8 Rxa8 34. Bg4 Ra2 35. Ne3 Kf6 36. Bc8 b6 37. Ng4+ Ke7 38. Ne3 Ne6 39.
Nd5+ Kd8 40. Bxe6 Bd4 41. Bf5 e3 42. Bxd3 exf2 43. Bxh7 Ke8 44. Bg6+ Kf8 45. g4 Kg7 46.
Be4 Re2 47. Bf3 Rc2 48. g5 Rxc4 49. h5 Rc5 50. Be4 Rxb5 51. h6+ Kh8 52. g6 Rb2 53. Rc1 f1=Q+ 54. Kxf1 Rf2+ 55. Ke1 Rf8 56. Rc7 Be5 57. Rh7+ Kg8 58. Ne7# 1-0

[Event "Late-Titled-Tuesday-Blitz-February-27-2024"]
[Site "Chess.com"]
[Date "2024.02.27"]
[Round "4"]
[White "Yurovskykh_Oleksandr"]
[Black "wild3000"]
[Result "1/2-1/2"]
[WhiteElo "2672"]
[BlackElo "2475"]
[TimeControl "180+1"]
[EndTime "14:40:50 PST"]
[Termination "Game drawn - insufficient material"]

1. d4 Nf6 2. Nf3 d5 3. c3 c6 4. Bg5 Nbd7 5. e3 g6 6. c4 Bg7 7. Nc3 O-O 8. cxd5 Nxd5 9. Nxd5 cxd5 10. Be2 Qa5+ 11. Qd2 Qxd2+ 12. Kxd2 f6 13. Bh4 Nb6 14. Rhc1 Bd7 15. Rc7 Rab8 16. Rac1 Rfe8 17. b3 Bc6 18. Bg3 Rbc8 19. a4 Rxc7 20. Bxc7 Rc8 21. Bg3 Bd7 22. Rc5 Rxc5 23. dxc5 Nc8 24. Bb8 e5 25. Bd1 Bf8 26. b4 a5 27. Bb3 axb4 28. Bxd5+ Kg7 29. Bxb7 Bxc5 30. a5 Nd6 31. Bxd6 Bxd6 32. a6 Bc5 33. Ne1 Bb5 34. Nd3 Bxd3 35. Kxd3 f5 36. Kc4 Ba7 37.
Kxb4 f4 38. exf4 exf4 39. f3 Kf6 40. Bd5 Ke5 41. Bg8 h6 42. h4 g5 43. hxg5 hxg5 44. Kb5 Kd6 45. Bh7 Kc7 46. Kc4 Kb8 47. Kd5 Bf2 48.
Ke4 Ka7 49. Kf5 Bh4 50. Kg4 Kxa6 51. Bd3+ Kb6 52. Bf1 Kc5 53. g3 fxg3 54. f4 gxf4 55. Kxf4 g2 56. Bxg2 1/2-1/2

[Event "Late-Titled-Tuesday-Blitz-February-27-2024"]
[Site "Chess.com"]
[Date "2024.02.27"]
[Round "4"]
[White "Flaccidmoves"]
[Black "Mikhail_Golubev"]
[Result "0-1"]
[WhiteElo "2466"]
[BlackElo "2639"]
[TimeControl "180+1"]
[EndTime "14:40:50 PST"]
[Termination "Mikhail_Golubev won on time"]

1. e4 c5 2. Nf3 d6 3. Bb5+ Bd7 4. a4 Nf6 5. Nc3 g6 6. O-O Bg7 7. Re1 O-O 8. e5 dxe5 9. Nxe5 Bf5 10. d3 Nbd7 11.
Nxd7 Bxd7 12. Bg5 a6 13. Bc4 Bc6 14. a5 h6 15. Bh4 Qd4 16. Bg3 Qd7 17. Qe2 e6 18.
Be5 Nh5 19. Bxg7 Kxg7 20. Qe5+ Kh7 21. Qxc5 Rac8 22. Qe5 Qd8 23. g3 Nf6 24. Ne2 Nd5 25. Nd4 Ne7 26. Nxc6 Nxc6 27. Qe4 Nxa5 28. c3 Nxc4 29.
dxc4 Qc7 30. b3 Rfd8 31. Red1 Rxd1+ 32. Rxd1 b5 33. cxb5 axb5 34. Rd3 Kg7 35. Qd4+ e5 36.
Qd5 Qc5 37. Qxc5 Rxc5 38. f3 Kf6 39. Kf2 Ke6 40. Ke3 f5 41. h4 g5 42. hxg5 hxg5 43.
g4 fxg4 44. fxg4 Rc8 45. Ke4 Rf8 46. Rh3 Rf4+ 47. Ke3 Rxg4 48. Rh6+ Kf5 49. Rb6 Rg3+ 50. Kd2 Ke4 51. Rxb5 Rg2+ 52. Kc1 g4 53. Rb8 Kd3 0-1

[Event "Late-Titled-Tuesday-Blitz-February-27-2024"]
[Site "Chess.com"]
[Date "2024.02.27"]
[Round "4"]
[White "TheAlienParty"]
[Black "Casper"]
[Result "0-1"]
[WhiteElo "2389"]
[BlackElo "2531"]
[TimeControl "180+1"]
[EndTime "14:40:50 PST"]
[Termination "Casper won on time"]

1. c4 Nc6 2. d4 e5 3. d5 Nce7 4. Nc3 Ng6 5. g3 Bb4 6. Qc2 Nf6 7. a3 Bxc3+ 8. Qxc3 O-O 9. h4 Ne4 10. Qe3 f5 11. h5 Nh8 12. Nf3 d6 13. Nd2 Nf6 14. Bg2 Nf7 15. Qc3 a5 16. Nf3 Ne4 17. Qc2 a4 18. Nh4 Nc5 19. Be3 Nb3 20. Rd1 e4 21. g4 fxg4 22. Bxe4 Ng5 23. Bxg5 Qxg5 24. Bxh7+ Kf7 25. Qg6+ Qxg6 26. Bxg6+ Kg8 27. Rd3 Rf4 28. Rc3 Bd7 29. Ng2 Rd4 30. Bc2 Nd2 31. Bd3 Ne4 32. e3 Nxc3 33. exd4 Re8+ 34. Ne3 Ne4 35. Rg1 g3 36. fxg3 Ng5 37. Bg6 Rxe3+ 38. Kd2 Rb3 39. Kc2 Nf3 40. Rd1 Bg4 41. Be4 Re3 42. Bxf3 Bxf3 43.
Rd2 Bxh5 44. c5 Bg6+ 45. Kd1 Rxg3 46. cxd6 cxd6 47. Re2 Bh5 48. Ke1 Bxe2 49. Kxe2 g5 50. Kf2 Rb3 0-1

[Event "Late-Titled-Tuesday-Blitz-February-27-2024"]
[Site "Chess.com"]
[Date "2024.02.27"]
[Round "4"]
[White "rcmz"]
[Black "Eloist"]
[Result "1-0"]
[WhiteElo "2214"]
[BlackElo "2460"]
[TimeControl "180+1"]
[EndTime "14:40:51 PST"]
[Termination "rcmz won on time"]

1. b4 d5 2. Bb2 Bg4 3. h3 Bh5 4. g4 Bg6 5. d3 h5 6. Bg2 hxg4 7. hxg4 Rxh1 8. Bxh1 e5 9. a3 Qh4 10. Bf3 Qh2 11. Kf1 Nf6 12. e3 Nbd7 13. Nd2 O-O-O 14. Bg2 e4 15. Bxf6 Nxf6 16. d4 Qh4 17. Bh3 Kb8 18.
c4 c6 19. c5 Be7 20. a4 Nh7 21. b5 Ng5 22. Bg2 Ka8 23. bxc6 bxc6 24. Rb1 Rb8 25. Rxb8+ Kxb8 26. Qb3+ Ka8 27. a5 Qxg4 28. a6 Qc8 29. Qa4 Bf5 30. Ke1 Bd7 31. Ne2 Qb8 32. Nf4 Be8 33.
Bf1 Ne6 34. Nxe6 fxe6 35. Bh3 Bd7 36. Bxe6 Be8 37. Ke2 g5 38. Bg4 Qb5+ 39. Qxb5 cxb5 40. Be6 Bc6 41. f3 exf3+ 42. Kxf3 b4 43. Nb3 Kb8 44. Na5 Ba8 45. Ke2 Bd8 46. Nb7 Bxb7 47. axb7 b3 48.
Bxd5 b2 49. Ba2 Kxb7 50. e4 g4 51. Ke3 1-0

[Event "Late-Titled-Tuesday-Blitz-February-27-2024"]
[Site "Chess.com"]
[Date "2024.02.27"]
[Round "4"]
[White "Josetricks"]
[Black "TemploVillamarin"]
[Result "1-0"]
[WhiteElo "2476"]
[BlackElo "2191"]
[TimeControl "180+1"]
[EndTime "14:40:51 PST"]
[Termination "Josetricks won by resignation"]

1. e4 d5 2. exd5 Qxd5 3. Nc3 Qa5 4. g3 Nf6 5. Bg2 c6 6. Nge2 Bg4 7. O-O Nbd7 8. d4 e6 9. Bd2 Qc7 10. Bf4 Bd6 11.
Qd3 Bf5 12. Qd2 Nb6 13. b3 O-O 14. a4 a5 15. Rfe1 Nbd5 16. Nxd5 Nxd5 17. Bxd6 Qxd6 18. c3 Rfd8 19. Rad1 b5 20. axb5 cxb5 21. c4 bxc4 22. bxc4 Nb4 23. Bxa8 Rxa8 24. Nf4 a4 25. c5 Qb8 26. Rb1 Bxb1 27. Rxb1 a3 28. Rxb4 Qxb4 29. Qxb4 a2 30. Qc3 a1=Q+ 31. Qxa1 Rxa1+ 32. Kg2 Kf8 33.
Kf3 Ke7 34. Ke4 Kd7 35. h4 Kc6 36. Nd3 f6 37. Nf4 Re1+ 38. Kd3 e5 39. dxe5 Rxe5 40.
Kd4 Re1 41. Nd3 Ra1 42. Nb4+ Kb5 43. Nd3 Rd1 44. Ke4 Ra1 45. Kf5 Kc4 46. Nf4 Kxc5 47.
Ne6+ Kd6 48. Nxg7 Ke7 49. Kg4 Ra4+ 50. f4 Kf7 51. Nf5 Kg6 52. Ne7+ Kf7 53. Nd5 Ra5 54. Ne3 h5+ 55. Kh3 Ra3 56. Nc4 Rc3 57. Nd2 Kg6 58.
Ne4 Kf5 59. Nxc3 1-0

[Event "Late-Titled-Tuesday-Blitz-February-27-2024"]
[Site "Chess.com"]
[Date "2024.02.27"]
[Round "4"]
[White "AungTZ"]
[Black "Supelyel"]
[Result "0-1"]
[WhiteElo "2061"]
[BlackElo "2453"]
[TimeControl "180+1"]
[EndTime "14:40:51 PST"]
[Termination "Supelyel won on time"]

1. e4 d6 2. d4 Nf6 3. Nc3 e5 4. dxe5 dxe5 5. Qxd8+ Kxd8 6. Bg5 Be6 7. O-O-O+ Nd7 8. Nf3 Bd6 9. Nb5 Ke7 10. Nxd6 cxd6 11. Kb1 h6 12. Bxf6+ Nxf6 13. Bd3 Rac8 14. Nd2 d5 15. Rhe1 d4 16. g3 Ng4 17. f3 Ne3 18. Rc1 Rhd8 19. Nf1 Nc4 20. Bxc4 Rxc4 21. f4 f6 22.
fxe5 fxe5 23. Nd2 Rc5 24. Rf1 Bh3 25. Rf2 Rcc8 26. b3 Rf8 27. Rxf8 Rxf8 28. Nc4 Ke6 29. Rd1 Rf2 30. Rd2 Rf1+ 31. Kb2 b5 32. Na5 Re1 33. Nb7 Kd7 34. b4 Kc6 35. Nc5 Rf1 36. c3 dxc3+ 37.
Kxc3 a5 38. a3 Rc1+ 39. Kb2 Rf1 40. Nd3 axb4 41. axb4 Kc7 42. Nxe5 Re1 43. Rd7+ Kc8 44. Rd2 Rxe4 45. Ng6 Rxb4+ 46. Kc3 Re4 47. Nf4 Bf5 0-1

[Event "Late-Titled-Tuesday-Blitz-February-27-2024"]
[Site "Chess.com"]
[Date "2024.02.27"]
[Round "4"]
[White "Abund"]
[Black "chucksterf10"]
[Result "0-1"]
[WhiteElo "2748"]
[BlackElo "2593"]
[TimeControl "180+1"]
[EndTime "14:40:52 PST"]
[Termination "chucksterf10 won by resignation"]

1. Nf3 d5 2. e3 Nf6 3. b3 e6 4. Bb2 Be7 5. c4 dxc4 6. bxc4 c5 7. Be2 b6 8. O-O Bb7 9. d3 O-O 10. Nbd2 Nc6 11. Qc2 Qc7 12. Rad1 Rfd8 13. Qb1 Nd7 14.
Ne4 Nce5 15. Qa1 Nxf3+ 16. Bxf3 Bf8 17. h4 h6 18. Rfe1 a6 19. Rc1 Rab8 20. Red1 Bc6 21. d4 Bxe4 22. Bxe4 Nf6 23. Bf3 cxd4 24. exd4 Qf4 25. d5 Qxh4 26. Be5 Bc5 27. g3 Qh3 28. Bg2 Qf5 29. Bd4 Bxd4 30. Rxd4 exd5 31. cxd5 Rd6 32. Rcd1 Rbd8 33. Qb2 Qe5 34. Qd2 b5 35. a3 Qf5 36. Rd3 Qd7 37. Rd4 Qa7 38. Qa5 Qc5 39.
Qb4 Qxb4 40. axb4 Nd7 41. Bf3 Ne5 42. Bg2 Nc6 43. dxc6 Rxd4 44. Rc1 Rc4 45. Rxc4 bxc4 46. Bh3 c3 47. c7 Rc8 48. Bxc8 c2 49. Bxa6 c1=Q+ 50. Kg2 Qxc7 51. Be2 Qb7+ 52. Bf3 Qxb4 53. Kg1 g5 54. Kg2 f5 55. Bd5+ Kg7 56. Kh2 Kf6 57.
Bg2 f4 0-1

[Event "Late-Titled-Tuesday-Blitz-February-27-2024"]
[Site "Chess.com"]
[Date "2024.02.27"]
[Round "4"]
[White "SEBAZZANO"]
[Black "PositionalPanther"]
[Result "1/2-1/2"]
[WhiteElo "2317"]
[BlackElo "2498"]
[TimeControl "180+1"]
[EndTime "14:40:53 PST"]
[Termination "Game drawn by repetition"]

1. d4 a6 2. e4 b5 3. Nc3 h6 4.
Bf4 g5 5. Bg3 Bg7 6. Qd2 Bb7 7. f3 e6 8. Nge2 Ne7 9. h4 Ng6 10. hxg5 hxg5 11. Rxh8+ Bxh8 12. O-O-O d6 13. Bf2 Nd7 14. Be3 Bf6 15. d5 e5 16. Ng3 Nb6 17.
a3 Bc8 18. Nh5 Be7 19. Ng7+ Kf8 20. Nf5 f6 21. Bd3 Bxf5 22. exf5 Nf4 23. Bxf4 gxf4 24. g3 Ke8 25. gxf4 exf4 26. Qxf4 Kd7 27. Qe4 Kc8 28. Re1 Bf8 29. Qe6+ Kb7 30. Ne4 Nd7 31. Kb1 Ka7 32. Rg1 Nc5 33. Qf7 Nxe4 34. Bxe4 Qe7 35. Qxe7 Bxe7 36. Rg7 Bd8 37. Rf7 Kb7 38. c3 a5 39. Kc2 b4 40. axb4 axb4 41. cxb4 Ra1 42. Rf8 Kc8 43. Bd3 Kd7 44. Bb5+ Kc8 45. Bc6 Ra7 46. b5 Ra1 47. Kb3 Ra7 48. Kc2 Ra1 49. Kb3 Ra5 50. Kb4 Ra7 51. Kb3 Ra5 52. Kb4 Ra2 53.
Kb3 Ra7 54. Kb4 Ra1 55. Kb3 1/2-1/2

[Event "Late-Titled-Tuesday-Blitz-February-27-2024"]
[Site "Chess.com"]
[Date "2024.02.27"]
[Round "4"]
[White "Hrant_ChessMood"]
[Black "otrov-11"]
[Result "1-0"]
[WhiteElo "2996"]
[BlackElo "2616"]
[TimeControl "180+1"]
[EndTime "14:40:54 PST"]
[Termination "Hrant_ChessMood won by resignation"]

1. Nf3 Nf6 2. c4 b6 3. Nc3 Bb7 4. d4 e6 5. e3 Bb4 6. Bd3 O-O 7. O-O Bxc3 8. bxc3 c5 9. Nd2 d6 10. e4 Nc6 11. Bb2 Ne8 12. f4 Rc8 13. Qe2 Ne7 14.
a4 f5 15. a5 bxa5 16. d5 exd5 17. cxd5 fxe4 18. Qxe4 Nf6 19. Qe6+ Kh8 20. c4 Rb8 21. Bc3 Bc8 22. Qe2 Bf5 23. Rxa5 Rb7 24. Rfa1 Qb8 25. h3 Bxd3 26. Qxd3 Ng6 27. Rf1 Qd8 28. Ra6 Qe7 29.
Raa1 Nh5 30. Rae1 Qh4 31. Ne4 Ngxf4 32. Nxd6 Qg5 33. Qf3 Rd7 34. Ne4 Qg6 35. Nxc5 Rdf7 36. Qg4 Qc2 37. Ne4 h6 38. Kh2 Qd3 39. Nd6 Rc7 40.
Be5 Rxc4 41. Nxc4 Qxc4 42. d6 Qf7 43. d7 Rd8 44. Bxf4 Nxf4 45. Rxf4 Qxd7 46. Qxd7 Rxd7 47. Rfe4 1-0

[Event "Late-Titled-Tuesday-Blitz-February-27-2024"]
[Site "Chess.com"]
[Date "2024.02.27"]
[Round "4"]
[White "epiclord678"]
[Black "Statham_01"]
[Result "0-1"]
[WhiteElo "2387"]
[BlackElo "2564"]
[TimeControl "180+1"]
[EndTime "14:40:54 PST"]
[Termination "Statham_01 won on time"]

1. e4 e5 2. Nf3 Nf6 3. Nxe5 Nc6 4. Nxc6 dxc6 5. d3 Bc5 6. Be2 h5 7. h3 Qd4 8. O-O Qe5 9. d4 Bxd4 10. Nd2 Bc5 11. Nf3 Qe7 12. Bg5 Qxe4 13. Bd3 Qd5 14. Re1+ Be6 15. Qe2 O-O-O 16. Bxf6 gxf6 17. Qe4 Rhg8 18. Qxd5 Bxd5 19. Be4 Be6 20. Kf1 a5 21. a4 Bb4 22. Red1 Bd6 23. Nh4 Rde8 24. Bf5 Be5 25. c3 Kb8 26. Bxe6 fxe6 27. Nf3 Bd6 28. Re1 c5 29. g3 b6 30. Nh4 Kb7 31. Re2 Kc6 32.
Rae1 Kd7 33. c4 Be5 34. b3 Bc3 35. Rd1+ Kc6 36. Rd3 Bd4 37. Nf3 e5 38. Nh4 Rg5 39. Rf3 e4 40. Rf5 Rxf5 41. Nxf5 Re5 42. Nh4 Kd6 43.
Ng2 c6 44. h4 Rf5 45. Nf4 Re5 46. Kg2 Kc7 47. Nh3 b5 48. cxb5 cxb5 49. axb5 Kb6 50. Nf4 Kxb5 51. f3 exf3+ 52. Kxf3 Rxe2 53. Kxe2 Kb4 54. Nxh5 Kxb3 55. Nf4 a4 0-1

[Event "Late-Titled-Tuesday-Blitz-February-27-2024"]
[Site "Chess.com"]
[Date "2024.02.27"]
[Round "4"]
[White "ACollins05"]
[Black "cassoulet"]
[Result "0-1"]
[WhiteElo "2577"]
[BlackElo "2766"]
[TimeControl "180+1"]
[EndTime "14:40:55 PST"]
[Termination "cassoulet won by checkmate"]

1. d4 Nf6 2. c4 g6 3. Nc3 d5 4. Nf3 Bg7 5. Qb3 dxc4 6. Qxc4 O-O 7. e4 Na6 8. Be2 c5 9. Be3 cxd4 10. Bxd4 Be6 11.
Qd3 Nb4 12. Qd2 Qa5 13. O-O Rfd8 14. Rfd1 Nc6 15. Nd5 Qxd2 16. Rxd2 Nxd4 17. Nxd4 Nxe4 18. Nxe6 fxe6 19. Nxe7+ Kf7 20. Rxd8 Rxd8 21. Bf3 Nd6 22. Nxg6 hxg6 23. Rc1 Ke7 24. b3 b6 25. Be2 Nf5 26.
Bc4 Nd4 27. Re1 b5 28. Bf1 a6 29. h4 Bf6 30. Re4 Nf5 31. g3 Rd1 32. Kg2 Rd2 33.
Re2 Rxe2 34. Bxe2 Nd4 35. Bd3 Kf7 36. a4 Nxb3 37. axb5 a5 38. b6 Nc5 39. Bb5 a4 40. f4 a3 41. Bc4 Bd8 42. Kf3 Bxb6 43. g4 Kf6 44. Ba2 Na4 45. g5+ Kf7 46. Kg4 Nc3 47.
Bb3 a2 48. Bxa2 Nxa2 49. h5 gxh5+ 50. Kxh5 Nc3 51. Kg4 Nd5 52. f5 Ne3+ 53. Kf4 Nxf5 54.
Ke5 Bc7+ 55. Ke4 Kg6 56. Kd3 Kxg5 57. Kd2 Kf4 58. Ke1 e5 59. Kf1 e4 60. Ke2 Ba5 61.
Kd1 Ke3 62. Kc2 Nd4+ 63. Kb2 Kd3 64. Ka3 Kc4 65. Ka2 Bb4 66. Kb2 e3 67. Ka2 Kc3 68. Kb1 Nb3 69. Ka2 Nd2 70. Ka1 Kc2 71. Ka2 e2 72.
Ka1 e1=Q+ 73. Ka2 Qb1# 0-1

[Event "Late-Titled-Tuesday-Blitz-February-27-2024"]
[Site "Chess.com"]
[Date "2024.02.27"]
[Round "4"]
[White "giovannibrandao7"]
[Black "db-banana"]
[Result "0-1"]
[WhiteElo "2227"]
[BlackElo "2487"]
[TimeControl "180+1"]
[EndTime "14:40:56 PST"]
[Termination "db-banana won on time"]

1. e4 Nf6 2. e5 Nd5 3. d4 d6 4. Nf3 dxe5 5. dxe5 e6 6. c4 Bb4+ 7. Bd2 Bxd2+ 8. Qxd2 Nb6 9. Qxd8+ Kxd8 10. Nc3 c6 11.
O-O-O+ Ke7 12. Ne4 f6 13. Nd6 Rd8 14. Be2 fxe5 15.
Nxc8+ Rxc8 16. Nxe5 N8d7 17. Nxd7 Nxd7 18. Rhe1 Nf6 19. Rd3 Kf7 20. Re3 Re8 21. Kc2 Rad8 22. Bf3 Rd6 23. g4 h6 24. h4 g5 25. hxg5 hxg5 26.
Re5 Rd4 27. Rxg5 Rxc4+ 28. Kb3 Rf4 29. Re3 Rh8 30. Rge5 Rh3 31. Be2 Rxe3+ 32. fxe3 Rf2 33. Bc4 Nd5 34. Bxd5 cxd5 35. Rh5 Kg6 36. Re5 Kf6 37. Rh5 Rf3 38. Rh7 Rxe3+ 39. Kc2 Re2+ 40. Kc1 Re1+ 41. Kc2 Ra1 42. a3 Rg1 43. Rxb7 a5 44. Rb5 Rxg4 45. Rxa5 Rg2+ 46. Kc1 Ke5 47. Ra8 Kd4 48. Re8 e5 49. a4 e4 50. a5 Rg6 51. Ra8 e3 52. a6 Rg1+ 53. Kc2 Ra1 0-1

[Event "Late-Titled-Tuesday-Blitz-February-27-2024"]
[Site "Chess.com"]
[Date "2024.02.27"]
[Round "4"]
[White "HansOnTwitch"]
[Black "Fandorine"]
[Result "0-1"]
[WhiteElo "3077"]
[BlackElo "2899"]
[TimeControl "180+1"]
[EndTime "14:40:57 PST"]
[Termination "Fandorine won by checkmate"]

1. c4 g6 2. Nc3 Bg7 3. d4 Nf6 4. e4 d6 5. h3 O-O 6. Be3 Na6 7. Be2 c6 8. Nf3 e5 9. d5 Nh5 10. O-O Nf4 11. Re1 Nxe2+ 12. Qxe2 c5 13. Kh2 f5 14. exf5 gxf5 15. Rg1 Kh8 16. Bg5 Qe8 17. Nb5 Qd7 18. Nh4 Nc7 19. Nxc7 Qxc7 20. f4 Rb8 21. Rae1 a6 22.
Kh1 b5 23. fxe5 dxe5 24. b3 Rb6 25. Rgf1 f4 26. Nf3 Rg6 27. Bh4 Rh6 28. Bf2 Rf5 29. cxb5 Rfh5 30. Bg1 axb5 31. Qxb5 Qd8 32. d6 Rxd6 33.
Qxc5 Rd5 34. Qc4 Bb7 35. Rc1 Qa8 36. Qc7 Rd8 37. Qf7 Rxh3+ 38. gxh3 Bxf3+ 39. Kh2 Bd5 40. Qf5 Qxa2+ 41. Rf2 Qa8 42. Rd2 Rg8 43. Rcd1 Be4 44. Qh5 Bf3 45. Qh4 Bxd1 46. Rxd1 Qa2+ 47. Qf2 Qxb3 48.
Qd2 Qf3 49. Re1 Bf6 50. Qf2 Qd5 51. Qf1 e4 52. Kh1 e3+ 53. Kh2 Be5 54. Qd3 Qg2# 0-1

[Event "Late-Titled-Tuesday-Blitz-February-27-2024"]
[Site "Chess.com"]
[Date "2024.02.27"]
[Round "4"]
[White "vugarrasulov"]
[Black "Arystanner"]
[Result "1/2-1/2"]
[WhiteElo "2989"]
[BlackElo "2789"]
[TimeControl "180+1"]
[EndTime "14:40:58 PST"]
[Termination "Game drawn by repetition"]

1. d4 d5 2. c4 e6 3. Nc3 c5 4. e3 Nc6 5. cxd5 exd5 6. Nf3 Nf6 7. Bb5 cxd4 8. Nxd4 Bd7 9. O-O Bd6 10. Nf3 Be6 11. b3 O-O 12. Bb2 Rc8 13. Rc1 h6 14. h3 Bb8 15.
Ne2 Ne4 16. Nf4 Qb6 17. Bxc6 Rxc6 18. Rxc6 Qxc6 19. Qd4 f6 20. Rc1 Qd7 21. Rd1 Bxf4 22. exf4 b6 23. Qe3 Re8 24. Nd4 Bf7 25. Qf3 Nd6 26. g4 Re4 27. Nf5 Re8 28. Ne3 Ne4 29. Bd4 Qb5 30. h4 Nd6 31. g5 hxg5 32. hxg5 fxg5 33.
fxg5 Qd7 34. Ng4 Re4 35. Ne5 Qe6 36. Nxf7 Nxf7 37. Be3 Nxg5 38. Bxg5 Rg4+ 39. Kf1 Rxg5 40.
Rc1 Rg6 41. Qd3 Rf6 42. Qg3 Rf8 43. Rc7 Qf6 44. Kg2 d4 45. Rxa7 Qc6+ 46. Kg1 Qh6 47.
Rd7 Qc1+ 48. Kh2 Qh6+ 49. Kg1 Qc1+ 50. Kh2 Qh6+ 51. Kg1 1/2-1/2

[Event "Late-Titled-Tuesday-Blitz-February-27-2024"]
[Site "Chess.com"]
[Date "2024.02.27"]
[Round "4"]
[White "GilbertoHernandezAmura"]
[Black "Rashad_Zeynalli"]
[Result "1/2-1/2"]
[WhiteElo "2416"]
[BlackElo "2633"]
[TimeControl "180+1"]
[EndTime "14:40:58 PST"]
[Termination "Game drawn by repetition"]

1. d4 d5 2. Nc3 Nf6 3. Bf4 c6 4.
e3 Qb6 5. a3 Bf5 6. Na4 Qa5+ 7.
c3 Nbd7 8. b4 Qd8 9. Nf3 Nh5 10.
Bg5 h6 11. Bh4 g5 12. Bg3 Nxg3 13. hxg3 Bg7 14. Bd3 Bxd3 15. Qxd3 b5 16. Nc5 Nxc5 17. bxc5 Qc7 18. a4 bxa4 19. Rxa4 a5 20. O-O O-O 21.
e4 dxe4 22. Qxe4 e6 23. Rb1 Rfb8 24. Nd2 Rxb1+ 25. Qxb1 e5 26. Nc4 exd4 27. cxd4 Bxd4 28. Qf5 Qxg3 29. Nd6 Qf4 30. Qxf4 gxf4 31. Rxd4 a4 32. Rd2 Ra5 33. Ra2 Kg7 34. Nc4 Rxc5 35. Rxa4 Kg6 36.
Kf1 Kg5 37. Ke2 Rb5 38. Nd2 Rb2 39. Rc4 f3+ 40. gxf3 h5 41. Rxc6 h4 42. Rc5+ Kg6 43.
Ke3 h3 44. Rc1 Rb8 45. Rh1 Rh8 46. Kf4 h2 47. Kg3 Kf5 48. Rxh2 Rg8+ 49. Kh3 Kf4 50. Rh1 Rd8 51. Rd1 f5 52. Kg2 Rg8+ 53. Kf1 Rd8 54. Ke2 Re8+ 55. Kd3 Rd8+ 56. Kc3 Rc8+ 57. Kd4 Rd8+ 58. Kc5 Rd7 59. Kc6 Rd3 60. Kc5 Rd8 61.
Kb4 Rb8+ 62. Kc3 Rc8+ 63. Kd3 Rd8+ 64. Ke2 Re8+ 65. Kf1 Rd8 66. Ke1 Re8+ 67. Kf1 Rd8 1/2-1/2